 Dungeon Crawl Stone Soup version 0.29.0-4-gdea44cf6ec (webtiles) character file.

Game seed: 672509017027118239

30 qw the Sneak (level 3, 0/28 HPs)
             Began as a Ghoul Enchanter on Sept 5, 2022.
             Slain by a giant cockroach (2 damage)
             ... on level 2 of the Dungeon.
             The game lasted 00:00:32 (1166 turns).

qw the Sneak (Ghoul Enchanter)                      Turns: 1166, Time: 00:00:33

Health: 0/28       AC:  4    Str: 13    XL:     3   Next: 18%
Magic:  4/4        EV: 12    Int: 10    God:
Gold:   47         SH:  0    Dex:  9    Spells: 5/5 levels left

rFire   . . .      SeeInvis .     - Unarmed
rCold   + . .      Faith    .   (no shield)
rNeg    + + +      Spirit   .   b - +0 robe
rPois   inf        Reflect  .   (no helmet)
rElec   .          Harm     .   e - +0 cloak
rCorr   .          Rampage  .   a - +0 pair of gloves
Will    .....                   (no boots)
Stlth   ++........              (no amulet)
HPRegen 0.00/turn               (no ring)
MPRegen 0.09/turn               (no ring)

@: inhibited regen
A: claws 1, cold resistance 1, negative energy resistance 3, inhibited
regeneration, torment resistance 2, devour on kill
a: no special abilities


You were on level 2 of the Dungeon.
You visited 1 branch of the dungeon, and saw 2 of its levels.

You collected 47 gold pieces.


Innate Abilities, Weirdness & Mutations

You are immune to poison.
You have sharp fingernails.
Your flesh is cold resistant. (rC+)
You are immune to negative energy. (rN+++)
You do not regenerate when monsters are visible.
You are immune to unholy pain and torment.
You thrive by killing the living.


   Skills:
 - Level 1.1 Fighting
 - Level 0.8 Short Blades
 - Level 1.7 Dodging
 - Level 3.2 Stealth
 + Level 2.6 Unarmed Combat
 - Level 1.7 Spellcasting
 - Level 2.4 Hexes


You had 5 spell levels left.
You didn't know any spells.
Your spell library contained the following spells:

 Spells                   Type           Power      Damage    Failure   Level
 Ensorcelled Hibernation  Hex/Ice        6%         N/A       30%         2
 Confusing Touch          Hex            5%         N/A       34%         3
 Tukima's Dance           Hex            5%         N/A       34%         3
 Dazzling Flash           Conj/Hex       6%         N/A       52%         3

Inventory:

Armour
 a - a +0 pair of gloves (worn)
 b - a +0 robe (worn)
 e - a +0 cloak (worn)
Jewellery
 f - a ring of ice
Potions
 j - a potion of curing {unknown}
 k - a potion of cancellation {unknown}
 l - a potion of berserk rage {unknown}

Dungeon Overview and Level Annotations

Branches:
Dungeon (2/15)

Altars:


Message History

The endoplasm barely misses you.
You hit the endoplasm but do no damage. The giant cockroach bites you.
The endoplasm freezes you.
You are frozen.
You resist.
You barely miss the endoplasm. The giant cockroach misses you.
The endoplasm freezes you.
You are frozen.
You resist.
You completely miss the endoplasm. The giant cockroach barely misses you.
The endoplasm barely misses you.
You completely miss the endoplasm.
The giant cockroach bites you but does no damage.
The endoplasm freezes you.
You are frozen.
You resist. The giant cockroach bites you.
You hit the endoplasm.
The endoplasm is lightly wounded.
The giant cockroach barely misses you. The endoplasm freezes you.
You are frozen.
You resist.
You hit the endoplasm but do no damage.
The endoplasm is lightly wounded.
The giant cockroach closely misses you. The endoplasm freezes you.
You are frozen.
You resist.
You hit the endoplasm but do no damage.
The endoplasm is lightly wounded.
The giant cockroach closely misses you. The endoplasm misses you.
You hit the endoplasm but do no damage.
The endoplasm is lightly wounded.
The giant cockroach misses you. The endoplasm freezes you.
You are frozen.
You resist.
You hit the endoplasm.
You kill the endoplasm!
The giant cockroach bites you but does no damage.
You hit the giant cockroach.
The giant cockroach is moderately wounded.
The giant cockroach bites you.
You die...

##....<... ...
#..........##..
#..........#..
#......<.....##
#.............##
#..........#...
#..........#.###.#
#..........B......
#%<.......@##.##.
#.%........#
#######.#### #.###
#...# ###h..h..h
####... .


You could see a giant cockroach.

Vanquished Creatures
  A bat (D:2)
  4 endoplasms
  A giant cockroach (D:1)
  3 hobgoblins (D:1)
  6 jackals
  3 kobolds (D:1)
  2 quokkas (D:1)
  2 ball pythons
  A rat (D:2)
23 creatures vanquished.

Notes
Turn   | Place    | Note
-------+----------+-------------------------------------------
     0 | D:1      | qw the Ghoul Enchanter began the quest for the Orb.
     0 | D:1      | Reached XP level 1. HP: 14/14 MP: 2/2
     0 | D:1      | 0 ||| qw: Version: 0.1-a-104-g96f76f8
     0 | D:1      | 0 ||| qw: Game counter: 5899
     0 | D:1      | 0 ||| qw: Always use a shield: true
     0 | D:1      | 0 ||| qw: God list: Okawaru
     0 | D:1      | 0 ||| qw: Allow faded altars: false
     0 | D:1      | 0 ||| qw: Do Orc after D:15 true
     0 | D:1      | 0 ||| qw: Do second Lair branch before Depths: true
     0 | D:1      | 0 ||| qw: Lair rune preference: random
     0 | D:1      | 0 ||| qw: Plans: Normal
     0 | D:1      | 0 ||| PLANNING D:1-11
     1 | D:1      | 1 ||| DROPPING +1 dagger.
   135 | D:1      | 135 ||| Stepping ~*~*~tactically~*~*~ (stealth).
   140 | D:1      | Reached skill level 1 in Unarmed Combat
   224 | D:1      | Reached XP level 2. HP: 17/22 MP: 3/3
   227 | D:1      | Reached skill level 1 in Fighting
  1016 | D:1      | 1016 ||| UPGRADING to +0 pair of gloves.
  1021 | D:1      | 1021 ||| UPGRADING to +0 cloak.
  1026 | D:1      | 1026 ||| DROPPING ring of magical power.
  1027 | D:1      | 1027 ||| READING scroll labelled VIDEAFOIWA.
  1028 | D:1      | 1028 ||| READING 3 scrolls labelled MAOHYH SIMPAO.
  1029 | D:1      | 1029 ||| DRINKING 3 smoky coppery potions.
  1030 | D:1      | 1030 ||| DROPPING 2 potions of invisibility.
  1031 | D:1      | 1031 ||| DROPPING 2 potions of lignification.
  1032 | D:1      | 1032 ||| DROPPING 2 scrolls of vulnerability.
  1083 | D:2      | 1083 ||| Stepping ~*~*~tactically~*~*~ (outnumbered).
  1118 | D:2      | 1118 ||| Stepping ~*~*~tactically~*~*~ (stealth).
  1120 | D:2      | 1120 ||| Stepping ~*~*~tactically~*~*~ (stealth).
  1127 | D:2      | Reached XP level 3. HP: 27/28 MP: 4/4
  1127 | D:2      | 1127 ||| Stepping ~*~*~tactically~*~*~ (stealth).
  1129 | D:2      | 1129 ||| Stepping ~*~*~tactically~*~*~ (stealth).
  1137 | D:2      | 1137 ||| Stepping ~*~*~tactically~*~*~ (stealth).
  1160 | D:2      | HP: 7/28 [giant cockroach (2)]
  1164 | D:2      | HP: 2/28 [frozen (2)]
  1166 | D:2      | Slain by a giant cockroach

Levels and vault maps discovered:
D:1:      eino_arrival_cavern_a, layout_basic, chequers_serial_rivers_micro_d
D:2:      layout_rooms, shapermc_ecumenical_altar_totnotflames, uniq_jessica

Skill      XL: |  1  2 |
---------------+-------+-----
Unarmed Combat | 1 2 |  2.6
Fighting       | 1 |  1.1
Short Blades   | |  0.8
Dodging        | |  1.7
Stealth        | |  3.2
Spellcasting   | |  1.7
Hexes          | |  2.4

Action                   || total
-------------------------++-------
Melee: Unarmed           ||   102
       Punch             ||     2
  Use: Scroll            ||     2
       Potion            ||     1
Armor: Robe              ||    30
Dodge: Dodged            ||    78

Table legend:
 A = Non-vault XP
 B = Vault XP
 C = Vault XP percentage of total XP
 D = Non-vault monster count
 E = Vault monster count
 F = Vault count percentage of total count
                 A         B        C        D         E       F
            +---------+---------+-------+---------+---------+-------
      Total |      43 |       0 |   0.0 |      23 |       0 |   0.0
            +---------+---------+-------+---------+---------+-------
        D:1 |      29 |       0 |   0.0 |      15 |       0 |   0.0
        D:2 |      14 |       0 |   0.0 |       8 |       0 |   0.0
            +---------+---------+-------+---------+---------+-------
